 Dungeon Crawl Stone Soup version 0.19-a0-1224-g978f909 (webtiles) character file.

11717 LORDOFBUTT the Blocker (level 11, -7/101 HPs)
             Began as a Minotaur Fighter on Aug 24, 2016.
             Was an Initiate of Gozag.
             Killed from afar by an electric eel (11 damage)
             ... with a bolt of electricity
             ... on level 11 of the Dungeon.
             The game lasted 00:13:45 (9880 turns).

LORDOFBUTT the Blocker (Minotaur Fighter)           Turns: 9880, Time: 00:13:47

Health: -7/101     AC: 12    Str: 21    XL:     11   Next: 53%
Magic:  11/11      EV: 12    Int:  5    God:    Gozag
Gold:   2029       SH: 12    Dex: 13    Spells: 0 memorised, 10 levels left

rFire  . . .     SeeInvis .     t - +3 war axe
rCold  . . .     Gourm    .     b - +0 scale mail
rNeg   . . .     Faith    .     c - +0 shield
rPois  .         Spirit   .     (helmet restricted)
rElec  .         Dismiss  .     (no cloak)
rCorr  .         Reflect  .     h - +2 pair of gloves
MR     +....     Harm     .     (no boots)
Stlth  +.........               (no amulet)
                                (no ring)
                                d - ring of protection from magic

@: no status effects
A: retaliatory headbutt, horns 2
a: Potion Petition, Call Merchant, Bribe Branch, Renounce Religion


You were on level 11 of the Dungeon.
You worshipped Gozag.
Gozag was most pleased with you.
You were not hungry.

You visited 2 branches of the dungeon, and saw 12 of its levels.

You collected 2084 gold pieces.
You paid 55 gold pieces to Gozag.

Inventory:

Hand Weapons
 t - a +3 war axe (weapon)
Armour
 b - a +0 scale mail (worn)
 c - a +0 shield (worn)
 h - a +2 pair of gloves (worn)
Jewellery
 d - a ring of protection from magic (left hand)
 e - an uncursed ring of protection from magic
 k - an uncursed ring of ice
 v - a -5 ring of intelligence
Wands
 a - a wand of flame (29/48)
 m - a wand of enslavement (9/24)
 r - a wand of flame (25/48)
 u - a wand of acid (5/15)
 A - a wand of random effects (17/48)
 F - a wand of flame (44/48)
Scrolls
 l - 3 scrolls of remove curse
 n - 2 scrolls of teleportation
 s - 2 scrolls of identify
 y - 2 scrolls of enchant armour
 z - 3 scrolls of fear
 B - a scroll of magic mapping
Potions
 g - a potion of ambrosia
 i - 2 potions of curing
 j - 5 potions of flight
 o - a potion of mutation
 p - a potion of resistance {unknown}
 q - 3 potions of lignification
 w - a potion of cancellation
Books
 x - a book of Spatial Translocations

   Spells                             Type                      Level
   a - Apportation                    Translocation                1
   b - Blink                          Translocation                2
   c - Shroud of Golubria             Charms/Translocation         2
   d - Portal Projectile              Translocation                3
   e - Teleport Other                 Translocation                3
   f - Passage of Golubria            Translocation                4
 D - a book of the Tempests

   Spells                             Type                      Level
   a - Static Discharge               Conjuration/Air              3
   b - Lightning Bolt                 Conjuration/Air              5
   c - Fireball                       Conjuration/Fire             5
   d - Tornado                        Air                          9
   e - Shatter                        Earth                        9
Comestibles
 f - 6 bread rations
 C - 2 meat rations
 E - a royal jelly
 G - a beef jerky


   Skills:
 * Level 10.4 Fighting
 * Level 10.6 Axes
 * Level 10.7 Armour
 + Level 5.9 Dodging
 - Level 2.5 Stealth
 * Level 11.3 Shields
 + Level 1.9 Evocations


You had 10 spell levels left.
You didn't know any spells.

Dungeon Overview and Level Annotations

Branches:
Dungeon (11/15)            Temple (1/1) D:4            Lair (0/6) D:11
    Orc (0/2) D:9

Altars:
Ashenzari
Cheibriados
Dithmenos
Elyvilon
Fedhas
Gozag
Hepliaklqana
Kikubaaqudgha
Makhleb
Nemelex Xobeh
Okawaru
Qazlal
Ru
Sif Muna
Trog
Uskayaw
Vehumet
Xom
Yredelemnul
Zin
The Shining One
Beogh

Shops:
D:4 [   D:5 *


Innate Abilities, Weirdness & Mutations

You reflexively headbutt those who attack you in melee.
You have a pair of horns on your head.


Message History

* * * LOW HITPOINT WARNING * * *
Okay, then.
The electric eel shoots out a bolt of lightning at you!
The bolt of electricity hits you!
* * * LOW HITPOINT WARNING * * *
The electric eel shoots out a bolt of lightning at you!
The bolt of electricity hits the water moccasin zombie.
The bolt of electricity hits you!
* * * LOW HITPOINT WARNING * * *
The bolt of electricity hits you!
* * * LOW HITPOINT WARNING * * *
You block the water moccasin zombie's attack.
You feel better.
The electric eel shoots out a bolt of lightning at you!
The bolt of electricity hits the water moccasin zombie.
The bolt of electricity hits you!
* * * LOW HITPOINT WARNING * * *
The bolt of electricity hits you!
You die...
Your body crumbles into a pile of gold.

.....#≈≈≈≈≈≈≈≈≈≈.≈.≈≈≈..
..<..#≈≈≈≈≈≈≈≈≈≈.≈.≈≈≈≈≈
.....#≈≈≈≈≈≈≈≈≈≈.≈......
.....# ≈≈≈≈≈≈≈≈.≈≈≈≈≈≈≈
.....# ≈≈≈≈≈≈;≈.≈≈≈≈≈≈≈
.....# ≈≈≈≈≈≈≈≈.≈≈≈;≈≈≈
.....# ≈≈≈≈≈≈≈≈.≈≈≈≈≈≈≈
.....# ≈≈≈≈≈≈≈≈.Z≈≈≈≈≈≈
###### ########@#######
####$.......
#...........
#.########## #.# #.# #.#
#.# #############.#


You could see 2 electric eels and a water moccasin zombie.

Vanquished Creatures
  Erolcha (D:9)
  Fannar (D:10)
  A hydra (D:11)
  2 hill giants (D:10)
  Pikel (D:7)
  A manticore (D:10)
  Joseph (D:7)
  Grinder (D:6)
  A troll (D:10)
  A wyvern (D:10)
  A water elemental (D:11)
  A spriggan (D:10)
  5 hungry ghosts
  7 hippogriffs
  Edmund (D:6)
  The ghost of jasper the Slasher, an amateur KoBe of Trog (D:3)
  3 water moccasins
  2 ice beasts
  5 orc warriors
  A black bear (D:9)
  A phantom (D:4)
  A sky beast (D:11)
  3 slaves (D:7)
  3 ogres
  5 centaurs
  2 crocodiles
  2 big kobolds (D:9)
  A wyvern zombie (D:11)
  2 troll zombies (D:9)
  3 scorpions
  5 killer bees (D:7)
  3 wights (D:6)
  5 howler monkeys
  2 electric eels (D:11)
  10 crimson imps
  6 orc wizards
  2 quasits (D:10)
  11 hounds
  6 jellies
  A centaur zombie (D:7)
  6 orc priests
  2 giant frog skeletons
  7 iguanas
  Terence (D:3)
  13 worker ants
  2 killer bee zombies
  5 ogre zombies (D:9)
  A hound zombie (D:7)
  2 hound skeletons
  A worker ant zombie (D:10)
  A howler monkey skeleton (D:7)
  4 gnolls (D:2)
  7 adders
  A shadow imp (D:8)
  An ooze (D:5)
  An adder zombie (D:10)
  2 adder skeletons
  4 dart slugs
  5 giant geckos
  37 orcs
  2 bats
  5 giant cockroaches
  7 goblins
  6 hobgoblins
  3 jackals (D:10)
  9 kobolds
  2 quokkas
  A ball python (D:1)
  10 giant newts
  A goblin skeleton (D:9)
  A hobgoblin skeleton (D:9)
  4 hobgoblin zombies (D:9)
  A jackal skeleton (D:6)
  3 orc skeletons (D:9)
  16 orc zombies (D:9)
  5 rats
291 creatures vanquished.

Vanquished Creatures (others)
  An electric eel (D:11)
  An orc wizard (D:6)
  8 plants (D:7)
10 creatures vanquished.

Grand Total: 301 creatures vanquished

Notes
Turn   | Place    | Note
-------+----------+-------------------------------------------
     0 | D:1      | LORDOFBUTT the Minotaur Fighter began the quest for the Orb.
     0 | D:1      | Reached XP level 1. HP: 19/19 MP: 0/0
   120 | D:1      | Reached XP level 2. HP: 25/27 MP: 1/1
   603 | D:1      | Reached skill level 4 in Shields
   777 | D:2      | Reached XP level 3. HP: 34/34 MP: 2/2
   789 | D:2      | Reached XP level 4. HP: 20/41 MP: 3/3
  1185 | D:3      | Noticed jasper's ghost (amateur KoBe)
  1196 | D:3      | Killed jasper's ghost
  1196 | D:3      | Reached skill level 5 in Fighting
  1196 | D:3      | Reached skill level 1 in Dodging
  1196 | D:3      | Reached skill level 1 in Stealth
  1196 | D:3      | Reached XP level 5. HP: 39/48 MP: 4/4
  1332 | D:3      | Noticed Terence
  1341 | D:3      | Killed Terence
  1641 | D:4      | Noticed a phantom
  1646 | D:4      | Found Yhexuruo's Armour Shoppe.
  1655 | D:4      | Killed a phantom
  1655 | D:4      | Reached skill level 5 in Armour
  1655 | D:4      | Reached XP level 6. HP: 49/56 MP: 5/5
  1670 | D:4      | Found a basalt altar of Yredelemnul.
  1729 | D:4      | Found a sacrificial altar of Ru.
  1737 | D:4      | Reached skill level 5 in Shields
  1940 | D:4      | Found a shattered altar of Ashenzari.
  2069 | D:4      | Found a staircase to the Ecumenical Temple.
  2249 | D:5      | Entered Level 5 of the Dungeon
  2269 | Temple   | Entered the Ecumenical Temple
  2594 | D:5      | Found Zicyhoos's General Store.
  2597 | D:5      | Reached XP level 7. HP: 61/61 MP: 6/6
  2858 | D:5      | Found a burning altar of Makhleb.
  2858 | D:5      | Noticed a balrug
  3049 | D:5      | Reached skill level 6 in Shields
  3502 | D:6      | Reached skill level 5 in Axes
  3639 | D:6      | Noticed Grinder
  3650 | D:6      | Killed Grinder
  3650 | D:6      | Reached XP level 8. HP: 56/70 MP: 7/7
  3762 | D:6      | Found a stormy altar of Qazlal.
  3783 | D:6      | Noticed Edmund
  3794 | D:6      | Killed Edmund
  3794 | D:6      | Reached skill level 7 in Shields
  3937 | D:6      | Found a stormy altar of Qazlal.
  3944 | D:6      | Found a white marble altar of Elyvilon.
  3951 | D:6      | Found an opulent altar of Gozag.
  3958 | D:6      | Found an iron altar of Okawaru.
  3968 | D:6      | Found a snail-covered altar of Cheibriados.
  3975 | D:6      | Found a glowing golden altar of the Shining One.
  3980 | D:6      | Found a hazy altar of Hepliaklqana.
  3991 | D:6      | Became a worshipper of Gozag Ym Sagoz the Greedy
  4040 | D:6      | Found a deep blue altar of Sif Muna.
  4427 | D:7      | Reached XP level 9. HP: 49/78 MP: 8/8
  4679 | D:7      | Noticed Joseph
  4690 | D:7      | Killed Joseph
  4690 | D:7      | Reached skill level 5 in Dodging
  4690 | D:7      | Reached skill level 8 in Shields
  4850 | D:7      | Noticed Pikel
  4870 | D:7      | Killed Pikel
  5100 | D:7      | Found a sparkling altar of Nemelex Xobeh.
  5316 | D:7      | Reached skill level 9 in Shields
  5544 | D:8      | Reached XP level 10. HP: 55/88 MP: 9/9
  5678 | D:8      | Found a roughly hewn altar of Beogh.
  6086 | D:9      | Noticed Erolcha
  6099 | D:9      | Killed Erolcha
  6099 | D:9      | Reached skill level 10 in Shields
  6703 | D:9      | Found a staircase to the Orcish Mines.
  7087 | D:10     | Entered Level 10 of the Dungeon
  7158 | D:10     | Noticed Fannar
  7173 | D:10     | Killed Fannar
  7173 | D:10     | Reached skill level 10 in Armour
  7173 | D:10     | Reached XP level 11. HP: 50/99 MP: 10/10
  7304 | D:10     | Noticed a hill giant
  7319 | D:10     | Killed a hill giant
  7319 | D:10     | Reached skill level 10 in Axes
  7372 | D:10     | Reached skill level 1 in Evocations
  7374 | D:10     | Reached skill level 10 in Fighting
  7593 | D:10     | Noticed a hill giant
  7610 | D:10     | Killed a hill giant
  7610 | D:10     | Reached skill level 11 in Shields
  8857 | D:11     | Noticed a seven-headed hydra
  8883 | D:11     | Killed an eight-headed hydra
  9448 | D:11     | Lost intelligence.
  9502 | D:11     | Found a staircase to the Lair.
  9879 | D:11     | HP: 2/101 [electric eel/bolt of electricity (10)]
  9880 | D:11     | Killed from afar by an electric eel

Vault maps used:
D:1:      lightli_arrival_farm, minmay_stone_trees_small
D:2:      minmay_door_square
D:3:      first_bread, uniq_terence
D:4:      nicolae_ru_great_annihilating_truth, lemuel_doored_altar,
          nicolae_overflow_crystal_walls, serial_shops, nicolae_shop_crystal
D:5:      serial_shops, nicolae_shop_statue_plus, makhleb_altar_promises_db
D:6:      led_sif_book, grunt_temple_overflow_octagram, basic_altar,
          minmay_misc_feat_columns, uniq_grinder, uniq_edmund
D:7:      kennysheep_little_box, minmay_lizard_king, uniq_pikel, uniq_joseph
D:8:      special_room
D:9:      zombieorc2_lemuel, uniq_erolcha
D:10:     the_bakery, basic_loot_grate_trap, uniq_fannar
D:11:     lair_0_dummy, uniq_sonja, uniq_gastronok
Temple:   compressed_dpeg_triangle_lava_temple

Skill      XL: |  1  2  3  4  5  6  7  8  9 10 11 |
---------------+----------------------------------+-----
Fighting       | 4 5 6 8 9 10 | 10.4
Shields        | 4 5 6 7 9 10 11 | 11.3
Armour         | 4 5 6 7 8 10 | 10.7
Axes           | 3 4 5 6 8 9 10 | 10.6
Dodging        | 1 2 4 5 |  5.9
Stealth        | 1 2 |  2.5
Evocations     | 1 |  1.9

Action                   |  1- 3 |  4- 6 |  7- 9 | 10-12 || total
-------------------------+-------+-------+-------+-------++-------
Melee: War axe           |    55 |   105 |   217 |   386 ||   763
       Headbutt          |     6 |    18 |    65 |    83 ||   172
       Hand axe          |       |       |   102 |       ||   102
Invok: Potion Petition   |       |       |     1 |       ||     1
Evoke: Wand              |       |       |       |     2 ||     2
  Use: Scroll            |     4 |     7 |     2 |    13 ||    26
       Potion            |       |     1 |     1 |     4 ||     6
 Stab: Paralysed         |       |     1 |       |       ||     1
       Distracted        |       |       |     2 |       ||     2
  Eat: Beef jerky        |       |     2 |       |       ||     2
       Bread ration      |       |     1 |     2 |     2 ||     5
       Pizza             |       |     1 |       |       ||     1
       Meat ration       |       |       |     1 |     1 ||     2
       Fruit             |       |       |     1 |       ||     1
Armor: Scale mail        |    24 |    37 |    88 |   111 ||   260
Dodge: Dodged            |    15 |    36 |   110 |   153 ||   314
Block: Shield            |    29 |    59 |   196 |   243 ||   527
